 Dungeon Crawl Stone Soup version 0.29-a0-43-g62a80824bf (webtiles) character file.

Game seed: 5722516661041263646

475 HallandMoats the Skirmisher (level 7, -5/48 HPs)
             Began as an Octopode Fighter on Feb 3, 2022.
             Slain by Pikel (10 damage)
             ... on level 4 of the Dungeon.
             The game lasted 00:05:02 (4689 turns).

HallandMoats the Skirmisher (Octopode Fighter)      Turns: 4689, Time: 00:05:03

Health: -5/48      AC:  1    Str: 18    XL:     7   Next: 10%
Magic:  9/9        EV: 13    Int: 16    God:
Gold:   102        SH:  4    Dex: 11    Spells: 8/8 levels left

rFire   + . .      SeeInvis .   l - +7 dagger "Tyriezay" {flame, rElec rF+ rC-}
rCold   x . .      Faith    .   b - +0 buckler
rNeg    . . .      Spirit   .   (helmet restricted)
rPois   .          Reflect  .   (no amulet)
rElec   +          Harm     .   j - +6 ring of intelligence
rCorr   .          Rampage  .   o - ring of wizardry
Will    .....                   (no ring)
Stlth   +++.......              (no ring)
HPRegen 0.16/turn               (no ring)
MPRegen 0.11/turn               (no ring)
                                (no ring)
                                (no ring)

@: no status effects
A: almost no armour, amphibious, 8 rings, camouflage 1, gelatinous body 1,
(nimble swimmer 1), tentacles
a: no special abilities


You were on level 4 of the Dungeon.
You visited 1 branch of the dungeon, and saw 4 of its levels.

You collected 102 gold pieces.

Inventory:

Hand Weapons
 a - a +0 trident
 l - the +7 dagger "Tyriezay" (weapon) {flame, rElec rF+ rC-}
   (You found it on level 2 of the Dungeon)

   It burns those it strikes, dealing additional fire damage.
   rF:        It protects you from fire.
   rC:        It makes you vulnerable to cold.
   rElec:     It insulates you from electricity.
Armour
 b - a +0 buckler (worn)
Jewellery
 j - a +6 ring of intelligence (left tentacle)
 o - a ring of wizardry (right tentacle)
Wands
 i - a wand of polymorph (6)
 p - a wand of digging (6)
Scrolls
 e - a scroll of teleportation
 f - 2 scrolls of fog
 h - 2 scrolls of blinking
 m - a scroll of identify
Potions
 c - a potion of might
 d - a potion of haste {unknown}
 g - a potion of cancellation {unknown}
 k - a potion of brilliance {unknown}
 n - 3 potions of curing {unknown}


   Skills:
 * Level 4.2 Fighting
 * Level 3.6 Polearms
 + Level 3.7 Dodging
 + Level 2.0 Stealth
 + Level 3.5 Shields
 + Level 1.3 Spellcasting
 + Level 1.6 Transmutations
 + Level 1.6 Earth Magic
 * Level 2.9 Invocations


You had 8 spell levels left.
You didn't know any spells.
Your spell library contained the following spells:

 Spells                   Type           Power      Damage    Failure   Level
 Animate Skeleton         Necr           2%         N/A       12%         1
 Magic Dart               Conj           4%         1d3       12%         1
 Pain                     Necr           4%         1d4       12%         1
 Call Imp                 Summ           1%         N/A       17%         2
 Scorch                   Fire           2%         2d5       17%         2
 Mephitic Cloud           Conj/Pois/Air  1%         N/A       32%         3
 Vampiric Draining        Necr           1%         2d6       32%         3
 Flame Wave               Conj/Fire      1%         2d4       71%         4
 Summon Cactus Giant      Summ           0%         N/A       100%        6
 Borgnjor's Revivificati  Necr           0%         N/A       100%        8
 Necromutation            Tmut/Necr      1%         N/A       100%        8
 Death's Door             Necr           0%         N/A       100%        9


Dungeon Overview and Level Annotations

Branches:
Dungeon (4/15)
 Temple: D:4-7

Altars:

Annotations:
D:3 2 transporters, innerfire433's ghost, amateur DsWn
D:4 Pikel


Innate Abilities, Weirdness & Mutations

You cannot wear most types of armour.
You are amphibious.
You can wear up to eight rings at the same time.
Your skin changes colour to match your surroundings (Stealth+).
Your rubbery body absorbs attacks. (AC +1, EV +1)
((You are camouflaged when in or above water. (Stealth+)))
You have tentacles for arms and can constrict up to eight enemies at once.


Message History

There is a stone staircase leading up here.
You climb upwards.
Level annotation: 2 transporters, innerfire433's ghost, amateur DsWn
There is a stone staircase leading down here.
You start resting.
HP restored.
You climb downwards.
Level annotation: Pikel Pikel hits you with a +1 whip of freezing.
Pikel freezes you.
There is a stone staircase leading up here.
You hit Pikel but do no damage. Your grab misses Pikel.
You squeeze Pikel, but do no damage.
Pikel hits you with a +1 whip of freezing!
Pikel freezes you!
You puncture Pikel! You burn Pikel. Your grab misses Pikel.
Your squeeze misses Pikel.
Pikel is moderately wounded.
Pikel barely misses you.
You hit Pikel. You burn Pikel. You grab Pikel.
Pikel is moderately wounded.
You constrict Pikel, but do no damage.
Pikel hits you with a +1 whip of freezing!
Pikel freezes you.
* * * LOW HITPOINT WARNING * * *
You hit Pikel. You burn Pikel.
Pikel is heavily wounded.
You constrict Pikel.
Pikel hits you with a +1 whip of freezing.
* * * LOW HITPOINT WARNING * * *
Pikel freezes you.
* * * LOW HITPOINT WARNING * * *
You hit Pikel but do no damage. You squeeze Pikel, but do no damage.
Pikel is heavily wounded.
You constrict Pikel. You block Pikel's attack.
You hit Pikel but do no damage.
Pikel is heavily wounded.
You constrict Pikel, but do no damage.
Pikel hits you with a +1 whip of freezing!
You die...

######### ######.......#########
###.....#.####.#.......#
....###...####.#@......# ....#
#.#....#.#.K.....#
....###.####.#.##.###### #######
...............##.########.....#
....###.####.####...K....#.....#
....# #.#..)......###....#.....##
..#.# #.#.#....###.#.###.........
..#.###.....###.....#...###......
..#......###.#......#....#.#..#..


You could see Pikel.

Vanquished Creatures
  A necrophage (D:4)
  3 lemures (D:4)
  A phantom (D:3)
  A hound (D:4)
  2 orc priests (D:3)
  Ijyb (D:4)
  2 orc wizards (D:4)
  4 adders
  4 worms (D:2)
  A dart slug (D:2)
  9 orcs
  7 endoplasms
  A giant cockroach (D:4)
  11 goblins
  7 hobgoblins
  7 jackals
  10 kobolds
  A quokka (D:2)
  10 ball pythons
  8 bats
  A frilled lizard (D:2)
  2 rats
94 creatures vanquished.

Notes
Turn   | Place    | Note
-------+----------+-------------------------------------------
     0 | D:1      | HallandMoats the Octopode Fighter began the quest for the
                  | Orb.
     0 | D:1      | Reached XP level 1. HP: 16/16 MP: 1/1
   101 | D:1      | Reached XP level 2. HP: 12/21 MP: 2/2
   845 | D:2      | Reached XP level 3. HP: 26/26 MP: 3/3
  1234 | D:2      | Reached skill level 1 in Invocations
  1803 | D:2      | Identified the +7 dagger "Tyriezay" {flame, rElec rF+ rC-}
  2035 | D:2      | Reached XP level 4. HP: 27/31 MP: 3/5
  2917 | D:3      | Reached skill level 1 in Earth Magic
  2917 | D:3      | Reached XP level 5. HP: 37/37 MP: 6/6
  2934 | D:3      | Reached skill level 1 in Transmutations
  2937 | D:3      | Reached skill level 1 in Stealth
  3272 | D:3      | Found Nifev's Antique Armour Shoppe.
  3275 | D:3      | Noticed a phantom
  3284 | D:3      | Killed a phantom
  3285 | D:3      | Reached skill level 1 in Spellcasting
  3285 | D:3      | Reached XP level 6. HP: 19/43 MP: 7/7
  3594 | D:3      | Found a transporter.
  3595 | D:3      | Found a transporter.
  3595 | D:3      | Noticed innerfire433's ghost (amateur DsWn)
  3924 | D:4      | Noticed Pikel
  3929 | D:4      | Reached skill level 4 in Fighting
  3942 | D:4      | Noticed a necrophage
  4332 | D:4      | Killed a necrophage
  4434 | D:4      | Noticed Ijyb
  4440 | D:4      | Killed Ijyb
  4452 | D:4      | Reached XP level 7. HP: 10/48 MP: 9/9
  4689 | D:4      | Slain by Pikel

Illustrated notes

Levels and vault maps discovered:
D:1:      wander_arrival_chamber, layout_basic, minmay_misc_feat_square
D:2:      minmay_razor_zed, layout_loops_corners, nicolae_wormholes
D:3:      cheibrodos_pilgrimage, layout_basic, serial_shops, shop,
          gammafunk_ghost_mausoleum, minmay_misc_feat_room
D:4:      nicolae_BIG_FREAKIN_CUBE, layout_basic, uniq_pikel, uniq_ijyb

Skill      XL: |  1  2  3  4  5  6 |
---------------+-------------------+-----
Invocations    | 1 2 |  2.9
Earth Magic    | 1 |  1.6
Polearms       | 3 |  3.6
Transmutations | 1 |  1.6
Stealth        | 1 2 |  2.0
Spellcasting   | 1 |  1.3
Fighting       | 4 |  4.2
Dodging        | |  3.7
Shields        | |  3.5

Action                   |  1- 3 |  4- 6 |  7- 9 || total
-------------------------+-------+-------+-------++-------
Melee: Trident           |    59 |       |       ||    59
       Constrict         |    15 |    23 |     2 ||    40
       Tentacles         |    10 |    18 |     5 ||    33
       Dagger            |     9 |   110 |    11 ||   130
       Punch             |       |     2 |       ||     2
  Use: Scroll            |       |     6 |       ||     6
 Stab: Sleeping          |     9 |     3 |       ||    12
       Distracted        |     1 |       |       ||     1
Armor: Skin              |     3 |     5 |       ||     8
Dodge: Dodged            |    24 |    45 |     2 ||    71
Block: Buckler           |     6 |    20 |     1 ||    27

Table legend: (Time is in decaauts)
 A = Elapsed time spent in this place.
 B = Non-inter-level travel time spent in this place.
 C = Inter-level travel time spent in this place.
 D = Time resting spent in this place.
 E = Time spent auto-exploring this place.
 F = Levels seen in this place.
 G = Mean time per level.
                   A        B        C        D        E       F      G
               +--------+--------+--------+--------+--------+-----+--------+
         Total |   4708 |   4632 |     76 |    928 |   3043 |   4 | 1177.0 |
       Dungeon |   4708 |   4632 |     76 |    928 |   3043 |   4 | 1177.0 |
               +--------+--------+--------+--------+--------+-----+--------+

Top non-repeatable levels by time:
     D:2: 1698 daAuts
     D:3: 1333 daAuts
     D:4: 859 daAuts
     D:1: 817 daAuts
